 Dungeon Crawl Stone Soup version 0.29-a0-271-gd4eb659eea (webtiles) character file.

Game seed: 6432559189276003253

30 Ventsonge the Grave Robber (level 3, -1/26 HPs)
             Began as a Ghoul Necromancer on Mar 8, 2022.
             Killed from afar by a dart slug (2 damage)
             ... with a slug dart
             ... on level 2 of the Dungeon.
             The game lasted 00:18:01 (2180 turns).

Ventsonge the Grave Robber (Ghoul Necromancer)      Turns: 2180, Time: 00:18:01

Health: -1/26      AC:  2    Str: 11    XL:     3   Next: 20%
Magic:  0/5        EV: 12    Int: 12    God:
Gold:   48         SH:  0    Dex:  9    Spells: 1/6 levels left

rFire   . . .      SeeInvis .   d - +0 dagger
rCold   + . .      Faith    .   (no shield)
rNeg    + + +      Spirit   .   a - +0 robe
rPois   ∞          Reflect  .   (no helmet)
rElec   .          Harm     .   (no cloak)
rCorr   .          Rampage  .   (no gloves)
Will    .....                   (no boots)
Stlth   ++........              (no amulet)
HPRegen 0.00/turn               (no ring)
MPRegen 0.09/turn               (no ring)

@: inhibited regen
A: claws 1, cold resistance 1, negative energy resistance 3, inhibited
regeneration, torment resistance 2
a: no special abilities


You were on level 2 of the Dungeon.
You visited 1 branch of the dungeon, and saw 2 of its levels.

You collected 48 gold pieces.

Inventory:

Hand Weapons
 d - a +0 dagger (weapon)
 j - a +0 club
Armour
 a - a +0 robe (worn)
 g - a +0 ring mail
 h - a +0 chain mail
 i - a +0 robe
Scrolls
 e - a scroll of teleportation
Potions
 b - a potion of magic
 f - a potion of berserk rage
 l - a potion of lignification {unknown}


   Skills:
 + Level 0.2 Short Blades
 + Level 1.9 Dodging
 - Level 2.1 Stealth
 + Level 0.3 Unarmed Combat
 * Level 2.0 Spellcasting
 * Level 4.7 Necromancy


You had one spell level left.
You knew the following spells:

 Your Spells              Type           Power      Damage    Failure   Level
a - Pain                  Necr           48%        1d6       4%          1
b - Animate Skeleton      Necr           24%        N/A       4%          1
c - Vampiric Draining     Necr           12%        2d6       12%         3

Your spell library contained the following spells:

 Spells                   Type           Power      Damage    Failure   Level
 Animate Dead             Necr           6%         N/A       36%         4
 Agony                    Necr           12%        N/A       73%         5


Dungeon Overview and Level Annotations

Branches:
Dungeon (2/15)

Altars:

Shops:
D:1 *


Innate Abilities, Weirdness & Mutations

You thrive by killing the living.
You are immune to poison.
You have sharp fingernails.
Your flesh is cold resistant. (rC+)
You are immune to negative energy. (rN+++)
You do not regenerate when monsters are visible.
You are immune to unholy pain and torment.


Message History

Aim: a hobgoblin, wearing a +0 ring mail (almost dead, chance to affect: 81%)
The hobgoblin writhes in agony.
You kill the hobgoblin!
The ball python closely misses you. The ball python constricts you.
The bat hits you but does no damage. The dart slug launches a dart at you.
The slug dart hits you.
* * * LOW HITPOINT WARNING * * *
The ball python bites you.
* * * LOW HITPOINT WARNING * * *
The ball python constricts you.
Casting: Pain (safe; 4% risk of failure)
Confirm with . or Enter, or press ? or * to list all spells.
Aiming: Pain (safe; 4% risk of failure)
Press: ? - help, Shift-Dir - straight line, f - ball python
Aim: a ball python (constricting you, chance to affect: 81%)
The ball python barely resists.
The bat closely misses you. The ball python closely misses you.
The ball python constricts you.
Casting: Pain (safe; 4% risk of failure)
Confirm with . or Enter, or press ? or * to list all spells.
Aiming: Pain (safe; 4% risk of failure)
Press: ? - help, Shift-Dir - straight line, f/p - ball python
Aim: a ball python (constricting you, chance to affect: 81%)
The ball python writhes in agony.
You kill the ball python!
The bat closely misses you. The dart slug bites you.
* * * LOW HITPOINT WARNING * * *
Casting: Pain (safe; 4% risk of failure)
Confirm with . or Enter, or press ? or * to list all spells.
You don't know that spell.
Casting: Pain (safe; 4% risk of failure)
Confirm with . or Enter, or press ? or * to list all spells.
You don't have enough magic to cast this spell.
The bat hits you.
* * * LOW HITPOINT WARNING * * *
The bat attacks as you move away! The bat closely misses you.
The bat hits you but does no damage. The dart slug launches a dart at you.
The slug dart hits you.
You die...

.... ... # ..
.###. .
##'####..... ..
........# ...
#†w....#
....$+..##..#
...$.##.b...####
#..@........
#.......###
#?......#
#......##
#####..###
#.....>..#
#........#
#........#
#........#


You could see a dart slug and a bat.

Vanquished Creatures
  2 dart slugs (D:1)
  3 endoplasms (D:1)
  3 goblins (D:1)
  2 hobgoblins
  2 jackals (D:1)
  A kobold (D:1)
  A quokka (D:1)
  3 ball pythons
  3 bats (D:1)
  A frilled lizard (D:1)
  2 rats (D:1)
23 creatures vanquished.

Notes
Turn   | Place    | Note
-------+----------+-------------------------------------------
     0 | D:1      | Ventsonge the Ghoul Necromancer began the quest for the
                  | Orb.
     0 | D:1      | Reached XP level 1. HP: 14/14 MP: 2/2
   260 | D:1      | Reached XP level 2. HP: 20/20 MP: 3/3
  1482 | D:1      | Found Yrgherr's Assorted Antiques.
  1506 | D:1      | Reached XP level 3. HP: 22/26 MP: 4/4
  2042 | D:1      | Learned a level 1 spell: Animate Skeleton
  2046 | D:1      | Learned a level 3 spell: Vampiric Draining
  2179 | D:2      | HP: 1/26 [bat (1)]
  2180 | D:2      | Killed from afar by a dart slug

Illustrated notes

Levels and vault maps discovered:
D:1:      dpeg_arrival_signposts, layout_basic, serial_shops,
          nicolae_shop_overgrown_old_shop
D:2:      layout_basic, basic_altar

Skill      XL: |  1  2  3 |
---------------+----------+-----
Spellcasting   | 2 |  2.0
Short Blades   | |  0.2
Dodging        | |  1.9
Stealth        | |  2.1
Unarmed Combat | |  0.3
Necromancy     | |  4.7

Action                   || total
-------------------------++-------
Melee: Unarmed           ||     9
       Dagger            ||   122
       Punch             ||     3
 Cast: Pain              ||     4
       Vampiric Draining ||     1
  Use: Scroll            ||     3
 Stab: Sleeping          ||     2
Armor: Robe              ||    55
Dodge: Dodged            ||   119

Table legend: (Time is in decaauts)
 A = Elapsed time spent in this place.
 B = Non-inter-level travel time spent in this place.
 C = Inter-level travel time spent in this place.
 D = Time resting spent in this place.
 E = Time spent auto-exploring this place.
 F = Levels seen in this place.
 G = Mean time per level.
                   A        B        C        D        E       F      G
               +--------+--------+--------+--------+--------+-----+--------+
         Total |   2176 |   2176 |      0 |    100 |   1486 |   2 | 1088.0 |
       Dungeon |   2176 |   2176 |      0 |    100 |   1486 |   2 | 1088.0 |
               +--------+--------+--------+--------+--------+-----+--------+

Top non-repeatable levels by time:
     D:1: 2136 daAuts
     D:2: 39 daAuts
